cohdb
Replays
Latest Replays
All Replays
Popular Replays
Top Player Replays
Match Explorer
How It Works
Community
CoH3 Stats
Reddit
Sign in to upload your games and track your stats! →
Sign in with Steam
Match 44670846
Unlisted
Match 44670846
Overview
Messages
Build Orders
End
Construct Weapon Support Center
Engineer Squad
M1919 Machine Gun Team
Sniper
Selects Airborne Battlegroup
Selects Pathfinders
Pathfinder Squad
Air Support Center
Construct Motor Pool
Grasshopper Recon Run
P-47 Strafing Run
M8 Greyhound Armored Car
Pathfinder Squad
Grasshopper Recon Run
P-47 Strafing Run
Engineer Squad
Selects Smoke Bombing Run
Selects Supply Drop
M1 Anti-tank Gun Team
Engineer Squad
P-47 Strafing Run
M3 Armored Personnel Carrier
Grasshopper Recon Run
P-47 Strafing Run
Construct Tank Depot
M4(105) Sherman Bulldozer
Grasshopper Recon Run
M18 Hellcat Tank Destroyer
thecrazycowboygeneral
xxxxxxx
Tesla
pp123p
爬树的肥猪
Jarkke
0
0
Comments
sign in to comment!
No comments posted yet!